 Dungeon Crawl Stone Soup version 0.16.1-4-g8e1b745 (webtiles) character file.

16 JustSomeDude the Conjurer (level 2, 0/15 HPs)
             Began as a Tengu Conjurer on Mar 26, 2015.
             Was an Initiate of the Shining One.
             Slain by a gnoll
             ... wielding a +0 flail of crushing
              (3 damage)
             ... on level 1 of the Dungeon.
             The game lasted 00:07:19 (1268 turns).

JustSomeDude the Conjurer (Tengu Conjurer)          Turns: 1268, Time: 00:07:20

Health: 0/15       AC:  2    Str:  8    XL:     2   Next: 58%
Magic:  4/5        EV: 12    Int: 15    God:    the Shining One [......]
Gold:   11         SH:  0    Dex: 14    Spells: 1 memorised, 4 levels left

rFire  . . .     SeeInvis .     f - +0 hunting sling
rCold  . . .     Clarity  .     a - +0 robe
rNeg   . . .     SustAb   .     (no shield)
rPois  .         Gourm    .     (helmet restricted)
rElec  .         Spirit   .     (no cloak)
rCorr  .         Warding  .     (no gloves)
rMut   .         Stasis   .     (boots unavailable)
MR     .....                    (no amulet)
Stlth  ++........               (no ring)
                                (no ring)

@: not resistant to hostile enchantments, unstealthy
A: beak, talons 3
a: Renounce Religion


You were on level 1 of the Dungeon.
You worshipped the Shining One.
The Shining One was noncommittal.
You were not hungry.

You visited 1 branch of the dungeon, and saw 2 of its levels.

You collected 11 gold pieces.

Inventory:

Hand weapons
 f - a +0 hunting sling (weapon)
 i - a +0 dagger
Missiles
 d - 23 sling bullets (quivered)
 j - 15 stones
Armour
 a - a +0 robe (worn)
Jewellery
 g - a +2 ring of intelligence {unknown}
Potions
 e - 3 potions of curing
 k - a potion of cancellation
Books
 c - a book of Conjurations

   Spells                             Type                      Level
   a - Magic Dart                     Conjuration                  1
   b - Searing Ray                    Conjuration                  2
   c - Dazzling Spray                 Conjuration/Hexes            3
   d - Fulminant Prism                Conjuration/Hexes            4
   e - Iskenderun's Mystic Blast      Conjuration                  4
   f - Iskenderun's Battlesphere      Conjuration/Charms           5
Comestibles
 b - a bread ration


   Skills:
 + Level 2.3 Dodging
 + Level 2.0 Stealth
 + Level 2.0 Spellcasting
 + Level 6.0 Conjurations


You had 4 spell levels left.
You knew the following spells:

 Your Spells              Type           Power        Failure   Level  Hunger
a - Magic Dart            Conj           ###.         1%          1    #......


Dungeon Overview and Level Annotations

Branches:
Dungeon (2/15)

Altars:
The Shining One


Innate Abilities, Weirdness & Mutations

You have a beak for a mouth.
You have claws for feet.


Message History

Eat which item? (? for menu, Esc to quit)
You continue eating. x2
You finish eating.
That bread ration really hit the spot!
You climb downwards.
The gnoll barely misses you.
There is a stone staircase leading up here.
Casting: Magic Dart
Confirm with . or Enter, or press ? or * to list all spells.
Aiming: Magic Dart
Press: ? - help, Shift-Dir - straight line, f - gnoll
Aim: a gnoll, wielding a flail of crushing The magic dart hits the gnoll.
The gnoll is heavily wounded.
The gnoll hits you with a flail of crushing!
Ouch! That really hurt!
* * * LOW HITPOINT WARNING * * *
You can't go down here!
You climb upwards.
There is a stone staircase leading down here.
The gnoll hits you with a flail of crushing.
You die...

#........###.##.......≈≈≈≈..
#........# #.##.......≈≈≈≈..
#........# #.##.......≈≈≈...
#.......(# #.##.......≈≈≈...
#........# #.##>.....≈≈≈≈...
#........# #.#######≈≈≈≈####
#........# #.# #≈≈≈≈##
#######..###.# #≈≈≈≈## #.>.g@.#
#≈≈≈### ######## #### ### #.#
#.# #.# #.#
##############################.#
..................)............#
################################


You could see a gnoll.

Vanquished Creatures
  A ball python (D:1)
  4 bats
  2 hobgoblins
  3 kobolds (D:1)
  A giant cockroach (D:1)
  4 goblins
  2 rats
17 creatures vanquished.

Notes
Turn   | Place    | Note
--------------------------------------------------------------
     0 | D:1      | JustSomeDude, the Tengu Conjurer, began the quest for the Orb.
     0 | D:1      | Reached XP level 1. HP: 10/10 MP: 3/3
   164 | D:1      | Reached XP level 2. HP: 7/15 MP: 0/5
   959 | D:2      | Found a glowing golden altar of the Shining One.
   965 | D:2      | Became a worshipper of the Shining One
   990 | D:2      | Reached skill level 6 in Conjurations
   993 | D:2      | The Shining One protects you from harm!
  1268 | D:1      | Slain by a gnoll

Action                   || total
-------------------------++-------
 Fire: Hunting sling     ||     6
 Cast: Magic Dart        ||    27
  Use: Potion            ||     4
       Scroll            ||     1
  Eat: Bread ration      ||     1
